 Dungeon Crawl Stone Soup version 0.29.0-4-gdea44cf6ec (webtiles) character file.

Game seed: 3784576402659868431

50 qw the Chopper (level 3, -10/21 HPs)
             Began as a Tengu Warper on Aug 28, 2022.
             Mangled by an ice beast (11 damage)
             ... on level 4 of the Dungeon.
             The game lasted 00:00:12 (2154 turns).

qw the Chopper (Tengu Warper)                       Turns: 2154, Time: 00:00:13

Health: -10/21     AC:  3    Str: 13    XL:     3   Next: 79%
Magic:  7/7        EV: 12    Int: 13    God:
Gold:   58         SH:  0    Dex: 13    Spells: 6/6 levels left

rFire   . . .      SeeInvis .   Y - +0 hand axe
rCold   . . .      Faith    .   (no shield)
rNeg    + . .      Spirit   .   b - +0 leather armour
rPois   +          Reflect  .   (helmet restricted)
rElec   .          Harm     .   (no cloak)
rCorr   .          Rampage  .   (no gloves)
Will    .....                   (boots unavailable)
Stlth   +.........              (no amulet)
HPRegen 0.07/turn               i - ring of poison resistance
MPRegen 0.10/turn               m - ring of positive energy

@: no status effects
A: beak, talons 3
a: no special abilities


You were on level 4 of the Dungeon.
You visited 1 branch of the dungeon, and saw 3 of its levels.

You collected 58 gold pieces.


Innate Abilities, Weirdness & Mutations

You have a beak for a mouth.
You have claws for feet.


   Skills:
 - Level 2.0 Fighting
 + Level 4.4 Axes
 - Level 1.0 Throwing
 - Level 1.1 Armour
 - Level 2.1 Dodging
 - Level 2.0 Spellcasting
 - Level 2.4 Translocations


You had 6 spell levels left.
You didn't know any spells.
Your spell library contained the following spells:

 Spells                   Type           Power      Damage    Failure   Level
 Blink                    Tloc           14%        N/A       19%         2
 Gell's Gravitas          Tloc           7%         N/A       36%         3
 Lesser Beckoning         Tloc           7%         N/A       36%         3
 Teleport Other           Tloc           7%         N/A       36%         3
 Manifold Assault         Tloc           7%         N/A       98%         5

Inventory:

Hand Weapons
 d - a +0 mace
 Y - a +0 hand axe (weapon)
Armour
 b - a +0 leather armour (worn)
 c - a +0 ring mail
Jewellery
 i - a ring of poison resistance (left hand)
 m - a ring of positive energy (right hand)
Potions
 a - a potion of magic {unknown}
 e - a potion of attraction {unknown}
 k - 3 potions of curing {unknown}
 l - a potion of might {unknown}
 n - a potion of resistance {unknown}

Dungeon Overview and Level Annotations

Branches:
Dungeon (2/15)

Altars:
Elyvilon


Message History

The bat barely misses you. The bat hits you. The bat misses you.
A sourceless malevolence fills the Dungeon...
You fall into a shaft and drop 2 floors!
The shaft crumbles and collapses.
Existing waypoints: (1) D:2 (2) D:1 Assign waypoint to what number? (0-9, D - delete waypoint) Waypoint 2 re-assigned from D:1 to D:4.
You start resting.
HP restored.
A giant cockroach comes into view.
Found a Young Poisoner's Handbook.
Enter note: The giant cockroach waves its antennae.
You hit the giant cockroach.
The giant cockroach is severely wounded.
The giant cockroach barely misses you.
You barely miss the giant cockroach.
The giant cockroach is severely wounded.
The giant cockroach bites you but does no damage.
You closely miss the giant cockroach. You claw the giant cockroach.
You kill the giant cockroach!
c - a +0 ring mail An ice beast comes into view.
You hit the ice beast.
You claw the ice beast, but do no damage.
You peck the ice beast.
The ice beast is lightly wounded.
The ice beast hits you. The ice beast freezes you!
Ouch! That really hurt!
You hit the ice beast but do no damage.
The ice beast is lightly wounded.
The ice beast hits you but does no damage.
You hit the ice beast but do no damage. You claw the ice beast.
The ice beast is moderately wounded.
The ice beast hits you. The ice beast freezes you!
Ouch! That really hurt!
You die...

#### ###..#
#....# #....# #
######.### .#.#
#..#....#
#....##.......#
#...........###
......Y@....##
#............#
..............#
.:...........##
.............#
.#.............
#####..........
##.........
..........


You could see an ice beast.

Vanquished Creatures
  2 worms (D:2)
  A dart slug (D:1)
  A ball python (D:1)
  2 endoplasms (D:1)
  A giant cockroach (D:4)
  5 goblins
  4 hobgoblins
  6 jackals (D:1)
  2 quokkas (D:1)
  2 bats (D:1)
  2 frilled lizards (D:1)
  5 kobolds
  5 rats (D:1)
38 creatures vanquished.

Vanquished Creatures (others)
  2 plants (D:1)
2 creatures vanquished.

Grand Total: 40 creatures vanquished

Notes
Turn   | Place    | Note
-------+----------+-------------------------------------------
     0 | D:1      | qw the Tengu Warper began the quest for the Orb.
     0 | D:1      | Reached XP level 1. HP: 12/12 MP: 4/4
     0 | D:1      | 0 ||| qw: Version: 0.1-a-89-g26bdef1
     0 | D:1      | 0 ||| qw: Game counter: 1047
     0 | D:1      | 0 ||| qw: Always use a shield: true
     0 | D:1      | 0 ||| qw: God list: Okawaru
     0 | D:1      | 0 ||| qw: Allow faded altars: false
     0 | D:1      | 0 ||| qw: Do Orc after D:15 true
     0 | D:1      | 0 ||| qw: Do second Lair branch before Depths: true
     0 | D:1      | 0 ||| qw: Lair rune preference: random
     0 | D:1      | 0 ||| qw: Plans: Normal
     0 | D:1      | 0 ||| PLANNING D:1-11
   180 | D:1      | Reached skill level 3 in Axes
   180 | D:1      | Reached XP level 2. HP: 9/17 MP: 6/6
   370 | D:1      | 370 ||| Stepping ~*~*~tactically~*~*~ (stealth).
   372 | D:1      | 372 ||| Stepping ~*~*~tactically~*~*~ (stealth).
   525 | D:1      | 525 ||| Stepping ~*~*~tactically~*~*~ (stealth).
   538 | D:1      | 538 ||| Stepping ~*~*~tactically~*~*~ (stealth).
   626 | D:1      | Reached XP level 3. HP: 21/21 MP: 7/7
   938 | D:1      | Reached skill level 4 in Axes
  1639 | D:1      | 1639 ||| UPGRADING to ring of poison resistance.
  1640 | D:1      | 1640 ||| UPGRADING to ring of positive energy.
  1641 | D:1      | 1641 ||| READING scroll labelled SIS GIMNYPHO.
  1642 | D:1      | 1642 ||| READING scroll labelled LORREY UHIGUJAO.
  1643 | D:1      | 1643 ||| READING 2 scrolls labelled BEOSESA KAMODGH.
  1644 | D:1      | 1644 ||| READING scroll labelled JUENU OSOIKI ZEULL.
  1645 | D:1      | 1645 ||| DROPPING scroll of blinking.
  1646 | D:1      | 1646 ||| DROPPING scroll of fear.
  1700 | D:2      | 1700 ||| Stepping ~*~*~tactically~*~*~ (stealth).
  1733 | D:2      | 1733 ||| Stepping ~*~*~tactically~*~*~ (stealth).
  1763 | D:2      | 1763 ||| FLEEEEING.
  1764 | D:2      | 1764 ||| STAIRDANCE
  1801 | D:1      | 1801 ||| READING scroll labelled ROKU PAEPLU.
  1902 | D:2      | Found a white marble altar of Elyvilon.
  2104 | D:2      | You fall into a shaft and drop 2 floors!
  2145 | D:4      | Noticed an ice beast
  2152 | D:4      | HP: 4/21 [ice beast (14)]
  2154 | D:4      | HP: 1/21 [ice beast (3)]
  2154 | D:4      | Mangled by an ice beast

Levels and vault maps discovered:
D:1:      wander_arrival_peaceful_grave, layout_basic,
          nicolae_kite_square_tiling_tiny, chequers_big_river,
          hangedman_decor_diamond_cutter, minmay_tripent
D:2:      layout_basic, basic_altar
D:4:      layout_cave_pools, general_overflow_altar

Skill      XL: |  1  2  3 |
---------------+----------+-----
Axes           | 3 4 |  4.4
Fighting       | |  2.0
Throwing       | |  1.0
Armour         | |  1.1
Dodging        | |  2.1
Spellcasting   | |  2.0
Translocations | |  2.4

Action                   || total
-------------------------++-------
Melee: Hand axe          ||    93
       Kick              ||    13
       Peck              ||     9
Throw: Boomerang         ||     7
  Use: Scroll            ||     5
 Stab: Sleeping          ||     2
Armor: Leather armour    ||    21
Dodge: Dodged            ||    47

Table legend:
 A = Non-vault XP
 B = Vault XP
 C = Vault XP percentage of total XP
 D = Non-vault monster count
 E = Vault monster count
 F = Vault count percentage of total count
                 A         B        C        D         E       F
            +---------+---------+-------+---------+---------+-------
      Total |      68 |       4 |   5.6 |      36 |       2 |   5.3
            +---------+---------+-------+---------+---------+-------
        D:1 |      46 |       4 |   8.0 |      27 |       2 |   6.9
        D:2 |      20 |       0 |   0.0 |       8 |       0 |   0.0
        D:4 |       2 |       0 |   0.0 |       1 |       0 |   0.0
            +---------+---------+-------+---------+---------+-------
